Sewer Rats vs Blackdemons
(R2)
Created - December 17, 2018 at 21:05
Goals
|
| Sewer Rats |
2 |
0 |
2 |
0 |
1 |
4 |
| Blackdemons |
0 |
1 |
3 |
0 |
2 |
5 |
|
Shots
|
| Sewer Rats |
14 |
12 |
11 |
1 |
5 |
38 |
| Blackdemons |
8 |
9 |
11 |
0 |
5 |
28 |
|
1st period
1. Sewer Rats , Kyle Turris 8 (Mark Mancari 22, Jonathan Huberdeau 12) at 6:56
2. Sewer Rats , Steven Kampfer 2 (Ville Leino 32, Kyle Turris 11) at 10:49 (PP)
Penalties :
Ryan Murphy (Tol) for Hooking (Minor) at 1:30, Zachary Sanford (MJM) for Holding (Minor) at 9:32, Anthony Duclair (Tol) for Holding (Minor) at 18:27
2nd period
3. Blackdemons , Patrice Cormier 15 (Alexei Morozov 31, Alexandre Grenier 13) at 19:05
Penalties :
Blake Pietila (MJM) for Slashing (Minor) at 2:17, Joel Edmundson (Tol) for Tripping (Minor) at 13:58
3rd period
4. Sewer Rats , William Karlsson 10 (Kyle Turris 12) at 5:31
5. Blackdemons , Alexei Morozov 15 (Alexandre Grenier 14, Charles-Olivier Roussel 3) at 10:43
6. Blackdemons , Blake Pietila 15 (Alexandre Grenier 15, Kyle Rau 14) at 12:39
7. Sewer Rats , Kyle Turris 9 (Jonathan Huberdeau 13) at 14:04
8. Blackdemons , Martin Hanzal 23 (Jeffrey Foss 8, Roman Josi 9) at 16:45 (PP)
Penalties :
Mark Mancari (Tol) for Goalie Interference (Minor) at 3:03, Kyle Turris (Tol) for Goalie Interference (Minor) at 16:10
Overtime #1
No Goal
Penalties :
No Penalty
Shootout
Penalty Shot by Ville Leino for Sewer Rats - Shot Misses the Net
Penalty Shot by Alexei Morozov for Blackdemons - Goal!
Penalty Shot by Kyle Turris for Sewer Rats - Stopped by Matt Hackett
Penalty Shot by Martin Hanzal for Blackdemons - Shot Misses the Net
Penalty Shot by Mark Mancari for Sewer Rats - Goal!
Penalty Shot by Ladislav Nagy for Blackdemons - Shot Misses the Net
Penalty Shot by Erik Condra for Sewer Rats - Stopped by Matt Hackett
Penalty Shot by Sergei Plotnikov for Blackdemons - Stopped by Marek Mazanek
Penalty Shot by Jonathan Huberdeau for Sewer Rats - Shot Misses the Net
Penalty Shot by Zachary Sanford for Blackdemons - Goal!
Penalties :
No Penalty
Goalie Stats
Marek Mazanek (Tol), 24 saves from 28 shots - (0.857), OTL, 17-4-3, 65:00 minutes
Matt Hackett (MJM), 34 saves from 38 shots - (0.895), W, 15-3-0, 65:00 minutes
Players Stats for Sewer Rats
Player Name G A P +/- PIM S H SB GA TA FO MP PP MP PK MP
------------------------------------------------------------------------------------
Anthony Duclair 0 0 0 -2 2 1 0 1 1 1 0/0 11:40 0:00 0:00
Connor Carrick 0 0 0 1 0 0 0 3 0 1 0/0 11:05 0:00 0:00
Daniel Carr 0 0 0 0 0 1 1 0 2 0 0/2 11:42 0:00 0:00
Dmitrij Jaskin 0 0 0 -2 0 4 0 0 0 0 0/0 12:22 0:00 0:00
Erik Condra 0 0 0 0 0 1 0 0 0 0 0/0 4:53 0:56 2:33
Joel Edmundson 0 0 0 1 2 0 1 1 0 2 0/0 22:18 1:03 2:57
Jonathan Huberdeau 0 2 2 2 0 1 2 1 0 0 1/2 17:44 0:56 0:59
Jonathan Marchessault 0 0 0 0 0 2 1 0 0 0 3/6 11:55 0:56 0:00
Kyle Turris 2 2 4 2 2 4 3 1 2 0 11/21 24:53 2:20 4:11
Mark Mancari 0 1 1 2 2 3 0 1 0 0 2/2 21:04 2:20 1:49
Martin Frk 0 0 0 0 0 1 1 0 0 0 0/0 15:04 0:00 2:18
Matt Lashoff 0 0 0 -2 0 2 2 2 0 0 0/0 30:39 2:13 4:57
Nick Cousins 0 0 0 -2 0 1 1 0 0 1 2/6 11:08 0:00 0:00
Ryan Murphy 0 0 0 1 2 2 1 2 1 0 0/0 21:18 1:03 2:35
Steven Kampfer 1 0 1 -2 0 2 0 0 1 1 0/0 30:39 2:13 4:57
Ville Leino 0 1 1 0 0 9 2 1 1 0 6/10 27:26 2:20 4:45
William Karlsson 1 0 1 0 0 2 0 2 1 0 2/5 11:31 0:00 0:27
Xavier Ouellet 0 0 0 1 0 2 2 1 0 2 0/0 14:03 0:00 1:36
Players Stats for Blackdemons
Player Name G A P +/- PIM S H SB GA TA FO MP PP MP PK MP
------------------------------------------------------------------------------------
Alexandre Grenier 0 3 3 0 0 2 0 0 2 0 0/1 16:08 0:00 0:00
Alexei Morozov 1 1 2 0 0 3 0 0 1 0 2/4 19:47 4:11 0:00
Blake Pietila 1 0 1 0 2 3 4 0 1 1 0/0 20:35 4:20 0:00
Brett Kulak 0 0 0 0 0 0 0 1 0 0 0/0 2:51 0:00 0:00
Charles-Olivier Roussel 0 1 1 1 0 0 0 1 0 0 0/0 8:51 0:00 1:09
Hudson Fasching 0 0 0 0 0 1 1 0 0 0 0/0 14:52 4:10 0:00
Jeffrey Foss 0 1 1 0 0 1 3 0 0 1 0/0 22:54 4:09 2:07
Keaton Ellerby 0 0 0 0 0 0 2 4 0 0 0/0 25:53 4:22 1:09
Kyle Rau 0 1 1 0 0 2 0 0 0 2 2/5 11:58 0:00 1:16
Ladislav Nagy 0 0 0 0 0 2 4 0 0 1 1/1 14:43 0:00 1:57
Martin Hanzal 1 0 1 0 0 4 1 1 0 0 11/18 22:44 4:20 0:00
Max Friberg 0 0 0 0 0 0 2 0 0 0 0/0 9:00 0:10 0:00
Patrice Cormier 1 0 1 0 0 3 2 1 1 1 9/20 21:20 4:11 1:57
Robbie Russo 0 0 0 1 0 0 0 1 0 0 0/0 6:20 0:00 0:00
Roman Josi 0 1 1 0 0 0 1 2 2 1 0/0 28:04 4:22 0:00
Scott Timmins 0 0 0 0 0 1 0 0 0 0 2/4 8:58 0:00 0:03
Sergei Plotnikov 0 0 0 0 0 1 0 0 1 1 0/0 9:19 0:00 1:16
Tommy Vannelli 0 0 0 -1 0 1 0 0 0 1 0/0 10:15 0:00 0:00
Yannick Weber 0 0 0 -1 0 2 3 1 0 0 0/0 24:52 4:09 2:07
Zachary Sanford 0 0 0 0 2 2 0 1 0 0 0/1 17:18 4:11 0:03
3 Stars
1 - Kyle Turris (Tol)
2 - Jonathan Huberdeau (Tol)
3 - Alexandre Grenier (MJM)
Power Play
Sewer Rats - 1 on 2 Attempt(s) - 50.00%
Blackdemons - 1 on 5 Attempt(s) - 20.00%
Penalty Kill
Sewer Rats - 4 on 5 Attempt(s) - 80.00%
- Score 0 goal in Penalty Kill
Blackdemons - 1 on 2 Attempt(s) - 50.00%
- Score 0 goal in Penalty Kill
Team Stat
Sewer Rats - Hits : 17 - Faceoff Wins : 27 - Blocked Shots : 16 - Penalty Minutes : 10
Blackdemons - Hits : 23 - Faceoff Wins : 27 - Blocked Shots : 13 - Penalty Minutes : 4
Official
Referees : Unknown
Linesman : Unknown
Game Notes
Brett Kulak is injured at 14:09 of 1st period (Upper Body)
Finance
Level 1 -- Attendance: 1586 (79.30%) -- Ticket Income $63,440
Level 2 -- Attendance: 752 (75.20%) -- Ticket Income $15,040
Total Attendance: 2338 (77.93%)
Total Ticket Income: $78,480
Other Income: $3,924
Total Income: $82,404
Sewer Rats
5 vs 5 Forward
Center Left Wing Right Wing Time % Phy DF OF
1 Kyle Turris Jonathan Huberdeau Mark Mancari 35 1 2 2
2 Jonathan Marchessault Ville Leino Martin Frk 27 1 2 2
3 William Karlsson Daniel Carr Ville Leino 25 1 2 2
4 Nick Cousins Anthony Duclair Dmitrij Jaskin 13 1 2 2
5 vs 5 Defense
Defense Defense Time % Phy DF OF
1 Matt Lashoff Steven Kampfer 40 1 2 2
2 Joel Edmundson Ryan Murphy 30 1 2 2
3 Connor Carrick Xavier Ouellet 20 1 2 2
4 Matt Lashoff Steven Kampfer 10 1 2 2
PowerPlay Forward
Center Left Wing Right Wing Time % Phy DF OF
1 Kyle Turris Ville Leino Mark Mancari 60 1 2 2
2 Jonathan Marchessault Jonathan Huberdeau Erik Condra 40 1 2 2
PowerPlay Defense
Defense Defense Time % Phy DF OF
1 Matt Lashoff Steven Kampfer 60 1 2 2
2 Joel Edmundson Ryan Murphy 40 1 2 2
Penalty Kill 4 Players Forward
Center Wing Time % Phy DF OF
1 Ville Leino Kyle Turris 60 1 2 2
2 Mark Mancari Erik Condra 40 1 2 2
Penalty Kill 4 Players Defense
Defense Defense Time % Phy DF OF
1 Matt Lashoff Steven Kampfer 60 1 2 2
2 Joel Edmundson Ryan Murphy 40 1 2 2
Penalty Kill - 3 Players Forward
Forward Time % Phy DF OF
1 Ville Leino 60 1 2 2
2 Kyle Turris 40 1 2 2
Penalty Kill - 3 Players Defense
Defense Defense Time % Phy DF OF
1 Matt Lashoff Steven Kampfer 60 1 2 2
2 Joel Edmundson Ryan Murphy 40 1 2 2
4 vs 4 Forward
Center Wing Time % Phy DF OF
1 Ville Leino Kyle Turris 60 1 2 2
2 Mark Mancari Erik Condra 40 1 2 2
4 vs 4 Defense
Defense Defense Time % Phy DF OF
1 Matt Lashoff Steven Kampfer 60 1 2 2
2 Joel Edmundson Ryan Murphy 40 1 2 2
Last Minutes Offensive
Center Left Wing Right Wing Defense Defense
Kyle Turris Ville Leino Mark Mancari Matt Lashoff Steven Kampfer
Last Minutes Defensive
Center Left Wing Right Wing Defense Defense
Kyle Turris Ville Leino Mark Mancari Matt Lashoff Steven Kampfer
Goaltenders
Starting : Marek Mazanek
Backup : Antoine Bibeau
Extra Forwards
Normal : Daniel Carr, William Karlsson, Martin Frk - PP : Daniel Carr, William Karlsson - PK : Martin Frk
Extra Defensemen
Normal : Connor Carrick, Xavier Ouellet, Joel Edmundson - PP : Connor Carrick - PK : Xavier Ouellet, Joel Edmundson
Penalty Shots
Ville Leino, Kyle Turris, Mark Mancari, Erik Condra, Jonathan Huberdeau
Scratches
Vincent Trocheck (Right Wrist Injury), Dominik Kubalik (Healthy), Mattias Ekholm (Healthy), Josh Archibald (Healthy), Jarred Tinordi (Strained Right Knee Injury)
Jonathan Racine (Healthy), Joseph Blandisi (Healthy), John Ramage (Healthy), Tyler Motte (Healthy), Chris Calhan (Healthy)
Sergei Kostenko (Healthy)
Blackdemons
5 vs 5 Forward
Center Left Wing Right Wing Time % Phy DF OF
1 Martin Hanzal Blake Pietila Alexandre Grenier 37 0 1 4
2 Patrice Cormier Zachary Sanford Alexei Morozov 30 0 1 4
3 Kyle Rau Ladislav Nagy Hudson Fasching 21 0 1 4
4 Scott Timmins Sergei Plotnikov Max Friberg 12 0 2 3
5 vs 5 Defense
Defense Defense Time % Phy DF OF
1 Keaton Ellerby Roman Josi 40 0 4 1
2 Jeffrey Foss Yannick Weber 30 0 4 1
3 Tommy Vannelli Brett Kulak 22 0 5 0
4 Charles-Olivier Roussel Robbie Russo 8 0 5 0
PowerPlay Forward
Center Left Wing Right Wing Time % Phy DF OF
1 Patrice Cormier Zachary Sanford Alexei Morozov 50 0 0 5
2 Martin Hanzal Blake Pietila Hudson Fasching 50 0 0 5
PowerPlay Defense
Defense Defense Time % Phy DF OF
1 Jeffrey Foss Yannick Weber 50 0 1 4
2 Keaton Ellerby Roman Josi 50 0 1 4
Penalty Kill 4 Players Forward
Center Wing Time % Phy DF OF
1 Patrice Cormier Ladislav Nagy 50 0 5 0
2 Kyle Rau Sergei Plotnikov 50 0 5 0
Penalty Kill 4 Players Defense
Defense Defense Time % Phy DF OF
1 Yannick Weber Jeffrey Foss 50 0 5 0
2 Charles-Olivier Roussel Keaton Ellerby 50 0 5 0
Penalty Kill - 3 Players Forward
Forward Time % Phy DF OF
1 Alexei Morozov 60 0 5 0
2 Martin Hanzal 40 0 5 0
Penalty Kill - 3 Players Defense
Defense Defense Time % Phy DF OF
1 Yannick Weber Roman Josi 60 0 5 0
2 Jeffrey Foss Keaton Ellerby 40 0 5 0
4 vs 4 Forward
Center Wing Time % Phy DF OF
1 Alexei Morozov Martin Hanzal 50 1 2 2
2 Ladislav Nagy Patrice Cormier 50 1 2 2
4 vs 4 Defense
Defense Defense Time % Phy DF OF
1 Keaton Ellerby Roman Josi 50 1 2 2
2 Yannick Weber Jeffrey Foss 50 1 2 2
Last Minutes Offensive
Center Left Wing Right Wing Defense Defense
Martin Hanzal Ladislav Nagy Alexei Morozov Roman Josi Keaton Ellerby
Last Minutes Defensive
Center Left Wing Right Wing Defense Defense
Martin Hanzal Ladislav Nagy Alexei Morozov Roman Josi Keaton Ellerby
Goaltenders
Starting : Matt Hackett
Backup : Laurent Brossoit
Extra Forwards
Normal : Max Friberg, Scott Timmins, Blake Pietila - PP : Max Friberg, Scott Timmins - PK : Blake Pietila
Extra Defensemen
Normal : Yannick Weber, Roman Josi, Jeffrey Foss - PP : Yannick Weber - PK : Roman Josi, Jeffrey Foss
Penalty Shots
Alexei Morozov, Martin Hanzal, Ladislav Nagy, Sergei Plotnikov, Zachary Sanford
Scratches
Colin Smith (Healthy), Klas Dahlbeck (Healthy), Remi Elie (Healthy), Jyrki Jokipakka (Healthy), Mackenzie MacEachern (Healthy)
Ben Maxwell (Healthy), Nicolas Deschamps (Healthy), Angelo Esposito (Healthy), Jacob Lagacé (Healthy), James Livingstone (Healthy)
Ebbe Siönäs (Healthy), Sami Aittokallio (Healthy), Jeremy Smith (Healthy)
% Time on Ice - Sewer Rats
Lines # - Real PCT - Wanted PCT - Time Play
Normal Forward
1 - 34% - 35% - 16:15
2 - 25% - 27% - 11:56
3 - 18% - 25% - 8:54
4 - 23% - 13% - 11:08
Normal Defense
1 - 39% - 40% - 18:53
2 - 34% - 30% - 16:27
3 - 22% - 20% - 10:42
4 - 5% - 10% - 2:11
PP Forward
1 - 71% - 60% - 2:20
2 - 29% - 40% - 0:56
PP Defense
1 - 68% - 60% - 2:13
2 - 32% - 40% - 1:03
PK Forward
1 - 70% - 60% - 5:58
2 - 30% - 40% - 2:33
PK Defense
1 - 58% - 60% - 4:57
2 - 42% - 40% - 3:34
PK3 Forward
1 - 0% - 60%
2 - 0% - 40%
PK3 Defense
1 - 0% - 60%
2 - 0% - 40%
44 Forward
1 - 72% - 60% - 3:36
2 - 28% - 40% - 1:24
44 Defense
1 - 56% - 60% - 2:48
2 - 44% - 40% - 2:12
Last Minute Offensive - 0:00
Last Minute Defensive - 0:00
Total
Forward - 65:00
Defense - 65:00
|
% Time on Ice - Blackdemons
Lines # - Real PCT - Wanted PCT - Time Play
Normal Forward
1 - 36% - 37% - 17:12
2 - 26% - 30% - 12:24
3 - 22% - 21% - 10:42
4 - 16% - 12% - 7:55
Normal Defense
1 - 39% - 40% - 18:37
2 - 28% - 30% - 13:27
3 - 20% - 22% - 9:49
4 - 13% - 8% - 6:20
PP Forward
1 - 49% - 50% - 4:11
2 - 51% - 50% - 4:20
PP Defense
1 - 49% - 50% - 4:09
2 - 51% - 50% - 4:22
PK Forward
1 - 60% - 50% - 1:57
2 - 40% - 50% - 1:19
PK Defense
1 - 65% - 50% - 2:07
2 - 35% - 50% - 1:09
PK3 Forward
1 - 0% - 60%
2 - 0% - 40%
PK3 Defense
1 - 0% - 60%
2 - 0% - 40%
44 Forward
1 - 49% - 50% - 2:28
2 - 51% - 50% - 2:32
44 Defense
1 - 48% - 50% - 2:23
2 - 52% - 50% - 2:37
Last Minute Offensive - 0:00
Last Minute Defensive - 0:00
Total
Forward - 65:00
Defense - 65:00
|
Play by Play
1st period
0:01 of 1st period - Martin Hanzal wins face-off versus Kyle Turris in neutral zone.
0:04 of 1st period - Snap shot by Martin Hanzal.
0:04 of 1st period - Stopped by Marek Mazanek without a rebound.
0:05 of 1st period - Martin Hanzal wins face-off versus Kyle Turris in Sewer Rats zone.
0:18 of 1st period - Slapshot by Jonathan Huberdeau.
0:18 of 1st period - Shot Misses the Net.
0:29 of 1st period - Off-side.
0:30 of 1st period - Jonathan Marchessault wins face-off versus Patrice Cormier in neutral zone.
0:33 of 1st period - Alexei Morozov is hit by Martin Frk and loses puck.
0:39 of 1st period - Off-side.
0:40 of 1st period - William Karlsson wins face-off versus Kyle Rau in neutral zone.
1:17 of 1st period - Slapshot by Yannick Weber.
1:17 of 1st period - Shot Misses the Net.
1:23 of 1st period - Slapshot by Kyle Rau.
1:23 of 1st period - Stopped by Marek Mazanek with a rebound.
1:30 of 1st period - Minor Penalty to Ryan Murphy for Hooking.
1:31 of 1st period - Ville Leino wins face-off versus Patrice Cormier in Sewer Rats zone.
2:44 of 1st period - Kyle Turris is hit by Patrice Cormier and loses puck.
3:15 of 1st period - Icing by Blake Pietila.
3:16 of 1st period - Mark Mancari wins face-off versus Martin Hanzal in Blackdemons zone.
3:17 of 1st period - Wrist shot by Erik Condra.
3:17 of 1st period - Shot Misses the Net.
3:30 of 1st period - Penalty to Ryan Murphy is over, Ryan Murphy is back on ice.
3:43 of 1st period - Wrist shot by Nick Cousins.
3:43 of 1st period - Shot Blocked by Roman Josi.
3:45 of 1st period - Slapshot by Xavier Ouellet.
3:45 of 1st period - Stopped by Matt Hackett with a rebound.
3:47 of 1st period - Slapshot by Joel Edmundson.
3:47 of 1st period - Deflect By Anthony Duclair.
3:47 of 1st period - Stopped by Matt Hackett with a rebound.
4:51 of 1st period - Slapshot by Steven Kampfer.
4:51 of 1st period - Shot Blocked by Robbie Russo.
5:54 of 1st period - Snap shot by Max Friberg.
5:54 of 1st period - Shot Misses the Net.
5:56 of 1st period - Slapshot by Tommy Vannelli.
5:56 of 1st period - Stopped by Marek Mazanek without a rebound.
5:57 of 1st period - Nick Cousins wins face-off versus Scott Timmins in Sewer Rats zone.
6:07 of 1st period - Snap shot by Max Friberg.
6:07 of 1st period - Shot Misses the Net.
6:26 of 1st period - Wrist shot by Blake Pietila.
6:26 of 1st period - Stopped by Marek Mazanek with a rebound.
6:30 of 1st period - Snap shot by Blake Pietila.
6:30 of 1st period - Shot Blocked by Ville Leino.
6:32 of 1st period - Wrist shot by Martin Hanzal.
6:32 of 1st period - Shot Blocked by Connor Carrick.
6:34 of 1st period - Snap shot by Blake Pietila.
6:34 of 1st period - Shot Blocked by Connor Carrick.
6:54 of 1st period - Wrist shot by Mark Mancari.
6:54 of 1st period - Shot Blocked by Keaton Ellerby.
6:56 of 1st period - Snap shot by Kyle Turris.
6:56 of 1st period - Goal by Kyle Turris - Sewer Rats : 1 - Blackdemons : 0.
6:57 of 1st period - Patrice Cormier wins face-off versus Kyle Turris in neutral zone.
7:06 of 1st period - Snap shot by Mark Mancari.
7:06 of 1st period - Shot Blocked by Keaton Ellerby.
7:34 of 1st period - Slapshot by Steven Kampfer.
7:34 of 1st period - Deflect By Ville Leino.
7:34 of 1st period - Stopped by Matt Hackett with a rebound.
7:36 of 1st period - Wrist shot by William Karlsson.
7:36 of 1st period - Shot Blocked by Keaton Ellerby.
8:13 of 1st period - Wrist shot by Ville Leino.
8:13 of 1st period - Shot Blocked by Patrice Cormier.
8:15 of 1st period - Snap shot by Ville Leino.
8:15 of 1st period - Shot Misses the Net.
8:17 of 1st period - Snap shot by Ville Leino.
8:17 of 1st period - Deflect By Martin Frk.
8:17 of 1st period - Shot Misses the Net.
8:17 of 1st period - Puck is out of play.
8:18 of 1st period - Martin Hanzal wins face-off versus Jonathan Marchessault in Blackdemons zone.
8:23 of 1st period - Ville Leino is hit by Blake Pietila.
8:29 of 1st period - Slapshot by Martin Frk.
8:29 of 1st period - Stopped by Matt Hackett with a rebound.
8:37 of 1st period - Snap shot by Jonathan Marchessault.
8:37 of 1st period - Stopped by Matt Hackett with a rebound.
8:39 of 1st period - Snap shot by Ville Leino.
8:39 of 1st period - Shot Misses the Net.
8:56 of 1st period - Snap shot by Ville Leino.
8:56 of 1st period - Stopped by Matt Hackett with a rebound.
8:58 of 1st period - Slapshot by Matt Lashoff.
8:58 of 1st period - Shot Misses the Net.
9:22 of 1st period - Wrist shot by Ville Leino.
9:22 of 1st period - Stopped by Matt Hackett without a rebound.
9:23 of 1st period - Kyle Turris wins face-off versus Zachary Sanford in Blackdemons zone.
9:24 of 1st period - Wrist shot by Mark Mancari.
9:24 of 1st period - Deflect By Kyle Turris.
9:24 of 1st period - Stopped by Matt Hackett without a rebound.
9:25 of 1st period - Kyle Turris wins face-off versus Patrice Cormier in Blackdemons zone.
9:30 of 1st period - Snap shot by Kyle Turris.
9:30 of 1st period - Shot Misses the Net.
9:32 of 1st period - Minor Penalty to Zachary Sanford for Holding.
9:33 of 1st period - Kyle Turris wins face-off versus Patrice Cormier in Blackdemons zone.
9:54 of 1st period - Sergei Plotnikov is hit by Kyle Turris and loses puck.
10:25 of 1st period - Wrist shot by Mark Mancari.
10:25 of 1st period - Stopped by Matt Hackett with a rebound.
10:27 of 1st period - Snap shot by Kyle Turris.
10:27 of 1st period - Shot Misses the Net.
10:47 of 1st period - Snap shot by Ville Leino.
10:47 of 1st period - Stopped by Matt Hackett with a rebound.
10:49 of 1st period - Slapshot by Steven Kampfer.
10:49 of 1st period - Deflect By Ladislav Nagy.
10:49 of 1st period - Goal by Steven Kampfer - Sewer Rats : 2 - Blackdemons : 0.
10:50 of 1st period - Martin Hanzal wins face-off versus Nick Cousins in neutral zone.
11:28 of 1st period - Snap shot by Sergei Plotnikov.
11:28 of 1st period - Stopped by Marek Mazanek with a rebound.
12:04 of 1st period - Wrist shot by Alexei Morozov.
12:04 of 1st period - Shot Misses the Net.
12:22 of 1st period - Kyle Turris is hit by Yannick Weber and loses puck.
12:29 of 1st period - Slapshot by Scott Timmins.
12:29 of 1st period - Shot Misses the Net.
14:09 of 1st period - Slapshot by Steven Kampfer.
14:09 of 1st period - Shot Blocked by Brett Kulak.
14:09 of 1st period - Brett Kulak from Blackdemons is injured at 14:09 of 1st period (Upper Body).
14:10 of 1st period - Jonathan Huberdeau wins face-off versus Patrice Cormier in Blackdemons zone.
14:21 of 1st period - Snap shot by Patrice Cormier.
14:21 of 1st period - Stopped by Marek Mazanek with a rebound.
14:23 of 1st period - Slapshot by Patrice Cormier.
14:23 of 1st period - Shot Misses the Net.
14:25 of 1st period - Snap shot by Patrice Cormier.
14:25 of 1st period - Shot Blocked by Jonathan Huberdeau.
14:37 of 1st period - Steven Kampfer is hit by Martin Hanzal and loses puck.
15:26 of 1st period - Kyle Turris is hit by Ladislav Nagy and loses puck.
15:41 of 1st period - Snap shot by Ville Leino.
15:41 of 1st period - Stopped by Matt Hackett with a rebound.
15:43 of 1st period - Snap shot by Ville Leino.
15:43 of 1st period - Shot Misses the Net.
15:49 of 1st period - Snap shot by Jonathan Marchessault.
15:49 of 1st period - Stopped by Matt Hackett with a rebound.
16:18 of 1st period - Scott Timmins is hit by Nick Cousins and loses puck.
16:25 of 1st period - Snap shot by Scott Timmins.
16:25 of 1st period - Stopped by Marek Mazanek without a rebound.
16:26 of 1st period - Alexei Morozov wins face-off versus Kyle Turris in Sewer Rats zone.
17:13 of 1st period - Ryan Murphy is hit by Ladislav Nagy and loses puck.
18:27 of 1st period - Minor Penalty to Anthony Duclair for Holding.
18:28 of 1st period - Patrice Cormier wins face-off versus Ville Leino in Sewer Rats zone.
18:40 of 1st period - Snap shot by Alexei Morozov.
18:40 of 1st period - Stopped by Marek Mazanek with a rebound.
18:42 of 1st period - Slapshot by Roman Josi.
18:42 of 1st period - Shot Blocked by Matt Lashoff.
19:47 of 1st period - Slapshot by Erik Condra.
19:47 of 1st period - Shot Blocked by Zachary Sanford.
Goals for this period are 2 for Sewer Rats vs 0 for Blackdemons.
Shots for this period are 14 for Sewer Rats vs 8 for Blackdemons.
2nd period
0:01 of 2nd period - Ville Leino wins face-off versus Martin Hanzal in neutral zone.
0:27 of 2nd period - Penalty to Anthony Duclair is over, Anthony Duclair is back on ice.
0:46 of 2nd period - Backhand shot by Max Friberg.
0:46 of 2nd period - Shot Misses the Net.
0:48 of 2nd period - Slapshot by Jeffrey Foss.
0:48 of 2nd period - Deflect By Joel Edmundson.
0:48 of 2nd period - Stopped by Marek Mazanek with a rebound.
0:50 of 2nd period - Slapshot by Jeffrey Foss.
0:50 of 2nd period - Shot Blocked by Joel Edmundson.
0:52 of 2nd period - Snap shot by Jeffrey Foss.
0:52 of 2nd period - Shot Misses the Net.
0:54 of 2nd period - Slapshot by Max Friberg.
0:54 of 2nd period - Shot Misses the Net.
1:15 of 2nd period - Off-side.
1:16 of 2nd period - Patrice Cormier wins face-off versus Nick Cousins in neutral zone.
1:31 of 2nd period - Snap shot by Alexei Morozov.
1:31 of 2nd period - Stopped by Marek Mazanek without a rebound.
1:32 of 2nd period - Martin Hanzal wins face-off versus Nick Cousins in Sewer Rats zone.
1:41 of 2nd period - Slapshot by Nick Cousins.
1:41 of 2nd period - Stopped by Matt Hackett without a rebound.
1:42 of 2nd period - Nick Cousins wins face-off versus Martin Hanzal in Blackdemons zone.
1:43 of 2nd period - Slapshot by Dmitrij Jaskin.
1:43 of 2nd period - Stopped by Matt Hackett with a rebound.
1:45 of 2nd period - Snap shot by Matt Lashoff.
1:45 of 2nd period - Deflect By Blake Pietila.
1:45 of 2nd period - Stopped by Matt Hackett with a rebound.
1:51 of 2nd period - Snap shot by Dmitrij Jaskin.
1:51 of 2nd period - Stopped by Matt Hackett with a rebound.
1:53 of 2nd period - Snap shot by Steven Kampfer.
1:53 of 2nd period - Shot Misses the Net.
2:17 of 2nd period - Minor Penalty to Blake Pietila for Slashing.
2:18 of 2nd period - Kyle Turris wins face-off versus Kyle Rau in Blackdemons zone.
2:19 of 2nd period - Wrist shot by Ville Leino.
2:19 of 2nd period - Stopped by Matt Hackett without a rebound.
2:20 of 2nd period - Kyle Turris wins face-off versus Kyle Rau in Blackdemons zone.
2:53 of 2nd period - Wrist shot by Matt Lashoff.
2:53 of 2nd period - Shot Misses the Net.
2:55 of 2nd period - Slapshot by Matt Lashoff.
2:55 of 2nd period - Shot Blocked by Charles-Olivier Roussel.
4:17 of 2nd period - Penalty to Blake Pietila is over, Blake Pietila is back on ice.
4:36 of 2nd period - Snap shot by Martin Hanzal.
4:36 of 2nd period - Deflect By Xavier Ouellet.
4:36 of 2nd period - Stopped by Marek Mazanek with a rebound.
4:48 of 2nd period - Snap shot by William Karlsson.
4:48 of 2nd period - Stopped by Matt Hackett without a rebound.
4:49 of 2nd period - Patrice Cormier wins face-off versus Daniel Carr in Blackdemons zone.
5:02 of 2nd period - Snap shot by Patrice Cormier.
5:02 of 2nd period - Stopped by Marek Mazanek with a rebound.
5:12 of 2nd period - Daniel Carr is hit by Ladislav Nagy and loses puck.
5:25 of 2nd period - Kyle Rau is hit by Daniel Carr and loses puck.
6:10 of 2nd period - Wrist shot by Kyle Rau.
6:10 of 2nd period - Stopped by Marek Mazanek without a rebound.
6:11 of 2nd period - Kyle Turris wins face-off versus Alexei Morozov in Sewer Rats zone.
6:23 of 2nd period - Patrice Cormier is hit by Ryan Murphy and loses puck.
6:36 of 2nd period - Ryan Murphy is hit by Yannick Weber and loses puck.
9:03 of 2nd period - Blake Pietila is hit by Xavier Ouellet and loses puck.
9:38 of 2nd period - Kyle Turris is hit by Keaton Ellerby and loses puck.
10:01 of 2nd period - Steven Kampfer is hit by Jeffrey Foss and loses puck.
10:36 of 2nd period - Charles-Olivier Roussel is hit by Kyle Turris and loses puck.
10:55 of 2nd period - Wrist shot by Alexei Morozov.
10:55 of 2nd period - Shot Misses the Net.
10:57 of 2nd period - Snap shot by Charles-Olivier Roussel.
10:57 of 2nd period - Shot Blocked by William Karlsson.
11:29 of 2nd period - Wrist shot by Kyle Rau.
11:29 of 2nd period - Shot Blocked by Mark Mancari.
11:41 of 2nd period - Snap shot by Alexandre Grenier.
11:41 of 2nd period - Stopped by Marek Mazanek without a rebound.
11:42 of 2nd period - Martin Hanzal wins face-off versus William Karlsson in Sewer Rats zone.
12:13 of 2nd period - Wrist shot by Zachary Sanford.
12:13 of 2nd period - Stopped by Marek Mazanek with a rebound.
12:15 of 2nd period - Slapshot by Zachary Sanford.
12:15 of 2nd period - Shot Blocked by Xavier Ouellet.
12:17 of 2nd period - Wrist shot by Zachary Sanford.
12:17 of 2nd period - Stopped by Marek Mazanek without a rebound.
12:18 of 2nd period - Patrice Cormier wins face-off versus Kyle Turris in Sewer Rats zone.
12:21 of 2nd period - Wrist shot by Alexei Morozov.
12:21 of 2nd period - Shot Misses the Net.
12:43 of 2nd period - Nick Cousins is hit by Jeffrey Foss.
13:07 of 2nd period - Ladislav Nagy is hit by Ville Leino and loses puck.
13:39 of 2nd period - Slapshot by Keaton Ellerby.
13:39 of 2nd period - Shot Misses the Net.
13:41 of 2nd period - Wrist shot by Zachary Sanford.
13:41 of 2nd period - Deflect By Patrice Cormier.
13:41 of 2nd period - Shot Blocked by William Karlsson.
13:41 of 2nd period - Puck is out of play.
13:42 of 2nd period - Patrice Cormier wins face-off versus Kyle Turris in Sewer Rats zone.
13:58 of 2nd period - Minor Penalty to Joel Edmundson for Tripping.
13:59 of 2nd period - Ville Leino wins face-off versus Patrice Cormier in Sewer Rats zone.
14:30 of 2nd period - Off-side.
14:31 of 2nd period - Mark Mancari wins face-off versus Martin Hanzal in neutral zone.
14:34 of 2nd period - Wrist shot by Erik Condra.
14:34 of 2nd period - Stopped by Matt Hackett with a rebound.
14:36 of 2nd period - Wrist shot by Mark Mancari.
14:36 of 2nd period - Shot Misses the Net.
14:38 of 2nd period - Snap shot by Mark Mancari.
14:38 of 2nd period - Stopped by Matt Hackett with a rebound.
14:40 of 2nd period - Slapshot by Xavier Ouellet.
14:40 of 2nd period - Stopped by Matt Hackett with a rebound.
14:42 of 2nd period - Slapshot by Ryan Murphy.
14:42 of 2nd period - Shot Misses the Net.
14:47 of 2nd period - Off-side.
14:48 of 2nd period - Ville Leino wins face-off versus Patrice Cormier in neutral zone.
15:13 of 2nd period - Steven Kampfer is hit by Blake Pietila.
15:23 of 2nd period - Snap shot by Blake Pietila.
15:23 of 2nd period - Shot Blocked by Matt Lashoff.
15:49 of 2nd period - Jonathan Huberdeau is hit by Hudson Fasching and loses puck.
15:58 of 2nd period - Penalty to Joel Edmundson is over, Joel Edmundson is back on ice.
16:24 of 2nd period - Slapshot by Sergei Plotnikov.
16:24 of 2nd period - Deflect By Ladislav Nagy.
16:24 of 2nd period - Shot Blocked by Anthony Duclair.
16:24 of 2nd period - Puck is out of play.
16:25 of 2nd period - Kyle Rau wins face-off versus Nick Cousins in Sewer Rats zone.
16:55 of 2nd period - Slapshot by Jonathan Huberdeau.
16:55 of 2nd period - Stopped by Matt Hackett with a rebound.
16:57 of 2nd period - Wrist shot by Mark Mancari.
16:57 of 2nd period - Shot Blocked by Keaton Ellerby.
16:59 of 2nd period - Wrist shot by Jonathan Huberdeau.
16:59 of 2nd period - Shot Blocked by Roman Josi.
17:11 of 2nd period - Wrist shot by Ville Leino.
17:11 of 2nd period - Stopped by Matt Hackett without a rebound.
17:12 of 2nd period - Martin Hanzal wins face-off versus Jonathan Marchessault in Blackdemons zone.
18:21 of 2nd period - Wrist shot by Ville Leino.
18:21 of 2nd period - Shot Misses the Net.
18:23 of 2nd period - Slapshot by Matt Lashoff.
18:23 of 2nd period - Shot Blocked by Martin Hanzal.
18:25 of 2nd period - Wrist shot by Steven Kampfer.
18:25 of 2nd period - Stopped by Matt Hackett without a rebound.
18:26 of 2nd period - Martin Hanzal wins face-off versus Kyle Turris in Blackdemons zone.
18:31 of 2nd period - Snap shot by Jonathan Huberdeau.
18:31 of 2nd period - Shot Misses the Net.
18:33 of 2nd period - Slapshot by Jonathan Huberdeau.
18:33 of 2nd period - Deflect By Mark Mancari.
18:33 of 2nd period - Shot Misses the Net.
18:33 of 2nd period - Puck is out of play.
18:34 of 2nd period - Martin Hanzal wins face-off versus Kyle Turris in Blackdemons zone.
19:05 of 2nd period - Snap shot by Patrice Cormier.
19:05 of 2nd period - Goal by Patrice Cormier - Sewer Rats : 2 - Blackdemons : 1.
19:06 of 2nd period - Kyle Turris wins face-off versus Alexandre Grenier in neutral zone.
19:57 of 2nd period - Xavier Ouellet is hit by Max Friberg and loses puck.
Goals for this period are 0 for Sewer Rats vs 1 for Blackdemons.
Shots for this period are 12 for Sewer Rats vs 9 for Blackdemons.
3rd period
0:01 of 3rd period - Kyle Turris wins face-off versus Martin Hanzal in neutral zone.
1:24 of 3rd period - Wrist shot by Jonathan Huberdeau.
1:24 of 3rd period - Shot Misses the Net.
1:32 of 3rd period - Slapshot by Yannick Weber.
1:32 of 3rd period - Stopped by Marek Mazanek with a rebound.
1:44 of 3rd period - Zachary Sanford is hit by Jonathan Marchessault and loses puck.
2:03 of 3rd period - Anthony Duclair is hit by Ladislav Nagy and loses puck.
2:28 of 3rd period - Jeffrey Foss is hit by Matt Lashoff.
2:43 of 3rd period - Jonathan Marchessault is hit by Jeffrey Foss and loses puck.
2:54 of 3rd period - Snap shot by Alexandre Grenier.
2:54 of 3rd period - Stopped by Marek Mazanek without a rebound.
2:55 of 3rd period - Kyle Turris wins face-off versus Patrice Cormier in Sewer Rats zone.
3:02 of 3rd period - Snap shot by Mark Mancari.
3:02 of 3rd period - Stopped by Matt Hackett with a rebound.
3:03 of 3rd period - Minor Penalty to Mark Mancari for Goalie Interference.
3:04 of 3rd period - Patrice Cormier wins face-off versus Ville Leino in Sewer Rats zone.
3:07 of 3rd period - Wrist shot by Alexei Morozov.
3:07 of 3rd period - Shot Misses the Net.
3:09 of 3rd period - Snap shot by Zachary Sanford.
3:09 of 3rd period - Shot Misses the Net.
3:11 of 3rd period - Slapshot by Roman Josi.
3:11 of 3rd period - Deflect By Alexei Morozov.
3:11 of 3rd period - Shot Misses the Net.
3:11 of 3rd period - Puck is out of play.
3:12 of 3rd period - Ville Leino wins face-off versus Patrice Cormier in Sewer Rats zone.
3:25 of 3rd period - Ville Leino is hit by Roman Josi.
3:51 of 3rd period - Joel Edmundson is hit by Blake Pietila and loses puck.
5:03 of 3rd period - Penalty to Mark Mancari is over, Mark Mancari is back on ice.
5:15 of 3rd period - Wrist shot by Dmitrij Jaskin.
5:15 of 3rd period - Stopped by Matt Hackett with a rebound.
5:17 of 3rd period - Snap shot by Ryan Murphy.
5:17 of 3rd period - Stopped by Matt Hackett with a rebound.
5:19 of 3rd period - Snap shot by Dmitrij Jaskin.
5:19 of 3rd period - Stopped by Matt Hackett with a rebound.
5:31 of 3rd period - Snap shot by William Karlsson.
5:31 of 3rd period - Goal by William Karlsson - Sewer Rats : 3 - Blackdemons : 1.
5:32 of 3rd period - Kyle Turris wins face-off versus Martin Hanzal in neutral zone.
5:35 of 3rd period - Slapshot by Matt Lashoff.
5:35 of 3rd period - Stopped by Matt Hackett with a rebound.
6:20 of 3rd period - Hudson Fasching is hit by Ville Leino and loses puck.
6:39 of 3rd period - Joel Edmundson is hit by Blake Pietila and loses puck.
6:56 of 3rd period - Charles-Olivier Roussel is hit by Joel Edmundson and loses puck.
7:03 of 3rd period - Nick Cousins is hit by Patrice Cormier and loses puck.
7:14 of 3rd period - Wrist shot by Daniel Carr.
7:14 of 3rd period - Deflect By Sergei Plotnikov.
7:14 of 3rd period - Stopped by Matt Hackett without a rebound.
7:15 of 3rd period - William Karlsson wins face-off versus Scott Timmins in Blackdemons zone.
8:21 of 3rd period - Snap shot by Ladislav Nagy.
8:21 of 3rd period - Stopped by Marek Mazanek with a rebound.
8:34 of 3rd period - Icing by Ladislav Nagy.
8:35 of 3rd period - Scott Timmins wins face-off versus Kyle Turris in Blackdemons zone.
10:10 of 3rd period - Snap shot by Dmitrij Jaskin.
10:10 of 3rd period - Shot Misses the Net.
10:31 of 3rd period - Snap shot by Ville Leino.
10:31 of 3rd period - Stopped by Matt Hackett with a rebound.
10:43 of 3rd period - Slapshot by Alexei Morozov.
10:43 of 3rd period - Goal by Alexei Morozov - Sewer Rats : 3 - Blackdemons : 2.
10:44 of 3rd period - Patrice Cormier wins face-off versus William Karlsson in neutral zone.
10:55 of 3rd period - Snap shot by Ville Leino.
10:55 of 3rd period - Shot Misses the Net.
11:15 of 3rd period - Off-side.
11:16 of 3rd period - Martin Hanzal wins face-off versus Kyle Turris in neutral zone.
11:21 of 3rd period - Wrist shot by Blake Pietila.
11:21 of 3rd period - Stopped by Marek Mazanek with a rebound.
11:23 of 3rd period - Slapshot by Yannick Weber.
11:23 of 3rd period - Deflect By Martin Hanzal.
11:23 of 3rd period - Stopped by Marek Mazanek with a rebound.
11:25 of 3rd period - Wrist shot by Martin Hanzal.
11:25 of 3rd period - Shot Blocked by Ryan Murphy.
11:27 of 3rd period - Slapshot by Yannick Weber.
11:27 of 3rd period - Deflect By Mark Mancari.
11:27 of 3rd period - Stopped by Marek Mazanek with a rebound.
11:31 of 3rd period - Wrist shot by Martin Hanzal.
11:31 of 3rd period - Shot Blocked by Kyle Turris.
12:27 of 3rd period - Snap shot by Kyle Turris.
12:27 of 3rd period - Stopped by Matt Hackett with a rebound.
12:39 of 3rd period - Snap shot by Alexandre Grenier.
12:39 of 3rd period - Deflect By Blake Pietila.
12:39 of 3rd period - Goal by Blake Pietila - Sewer Rats : 3 - Blackdemons : 3.
12:40 of 3rd period - Jonathan Marchessault wins face-off versus Patrice Cormier in neutral zone.
12:53 of 3rd period - Ville Leino is hit by Yannick Weber and loses puck.
13:08 of 3rd period - Slapshot by Kyle Turris.
13:08 of 3rd period - Shot Misses the Net.
13:50 of 3rd period - Slapshot by Ville Leino.
13:50 of 3rd period - Shot Misses the Net.
13:52 of 3rd period - Wrist shot by Ville Leino.
13:52 of 3rd period - Stopped by Matt Hackett without a rebound.
13:53 of 3rd period - Kyle Turris wins face-off versus Patrice Cormier in Blackdemons zone.
14:02 of 3rd period - Wrist shot by Kyle Turris.
14:02 of 3rd period - Shot Blocked by Yannick Weber.
14:04 of 3rd period - Wrist shot by Kyle Turris.
14:04 of 3rd period - Goal by Kyle Turris - Sewer Rats : 4 - Blackdemons : 3.
14:05 of 3rd period - Jonathan Marchessault wins face-off versus Martin Hanzal in neutral zone.
14:21 of 3rd period - Keaton Ellerby is hit by Matt Lashoff and loses puck.
14:32 of 3rd period - Alexei Morozov is hit by Kyle Turris and loses puck.
15:41 of 3rd period - Snap shot by Alexei Morozov.
15:41 of 3rd period - Shot Misses the Net.
15:48 of 3rd period - Icing by Ryan Murphy.
15:49 of 3rd period - Scott Timmins wins face-off versus Jonathan Huberdeau in Sewer Rats zone.
16:10 of 3rd period - Minor Penalty to Kyle Turris for Goalie Interference.
16:11 of 3rd period - Patrice Cormier wins face-off versus Ville Leino in Sewer Rats zone.
16:36 of 3rd period - Keaton Ellerby is hit by Jonathan Huberdeau and loses puck.
16:43 of 3rd period - Slapshot by Jeffrey Foss.
16:43 of 3rd period - Shot Blocked by Ryan Murphy.
16:45 of 3rd period - Snap shot by Martin Hanzal.
16:45 of 3rd period - Goal by Martin Hanzal - Sewer Rats : 4 - Blackdemons : 4.
16:46 of 3rd period - Kyle Rau wins face-off versus William Karlsson in neutral zone.
16:59 of 3rd period - Snap shot by Ladislav Nagy.
16:59 of 3rd period - Stopped by Marek Mazanek with a rebound.
17:01 of 3rd period - Wrist shot by Kyle Rau.
17:01 of 3rd period - Shot Misses the Net.
17:48 of 3rd period - Connor Carrick is hit by Max Friberg and loses puck.
18:01 of 3rd period - Hudson Fasching is hit by Jonathan Huberdeau and loses puck.
18:10 of 3rd period - Wrist shot by Kyle Rau.
18:10 of 3rd period - Shot Blocked by Connor Carrick.
18:12 of 3rd period - Wrist shot by Hudson Fasching.
18:12 of 3rd period - Stopped by Marek Mazanek with a rebound.
18:51 of 3rd period - Icing by Blake Pietila.
18:52 of 3rd period - Martin Hanzal wins face-off versus Jonathan Marchessault in Blackdemons zone.
Goals for this period are 2 for Sewer Rats vs 3 for Blackdemons.
Shots for this period are 11 for Sewer Rats vs 11 for Blackdemons.
Overtime #1
0:01 of 1st overtime period - Ville Leino wins face-off versus Alexei Morozov in neutral zone.
0:38 of 1st overtime period - Ryan Murphy is hit by Keaton Ellerby.
1:00 of 1st overtime period - Off-side.
1:01 of 1st overtime period - Ladislav Nagy wins face-off versus Daniel Carr in neutral zone.
4:21 of 1st overtime period - Snap shot by Erik Condra.
4:21 of 1st overtime period - Shot Misses the Net.
4:23 of 1st overtime period - Snap shot by Joel Edmundson.
4:23 of 1st overtime period - Shot Misses the Net.
4:25 of 1st overtime period - Slapshot by Ryan Murphy.
4:25 of 1st overtime period - Stopped by Matt Hackett without a rebound.
4:26 of 1st overtime period - Alexei Morozov wins face-off versus Ville Leino in Blackdemons zone.
4:58 of 1st overtime period - Patrice Cormier is hit by Xavier Ouellet.
Goals for this period are 0 for Sewer Rats vs 0 for Blackdemons.
Shots for this period are 1 for Sewer Rats vs 0 for Blackdemons.
ShootOut
5:00 of 1st overtime period - Penalty Shot by Ville Leino for Sewer Rats.
5:00 of 1st overtime period - Deke by Ville Leino.
5:00 of 1st overtime period - Shot Misses the Net.
5:00 of 1st overtime period - Penalty Shot by Alexei Morozov for Blackdemons.
5:00 of 1st overtime period - Deke by Alexei Morozov.
5:00 of 1st overtime period - Goal by Alexei Morozov.
5:00 of 1st overtime period - Penalty Shot by Kyle Turris for Sewer Rats.
5:00 of 1st overtime period - Backhand shot by Kyle Turris.
5:00 of 1st overtime period - Stopped by Matt Hackett.
5:00 of 1st overtime period - Penalty Shot by Martin Hanzal for Blackdemons.
5:00 of 1st overtime period - Backhand shot by Martin Hanzal.
5:00 of 1st overtime period - Shot Misses the Net.
5:00 of 1st overtime period - Penalty Shot by Mark Mancari for Sewer Rats.
5:00 of 1st overtime period - Wrist shot by Mark Mancari.
5:00 of 1st overtime period - Goal by Mark Mancari.
5:00 of 1st overtime period - Penalty Shot by Ladislav Nagy for Blackdemons.
5:00 of 1st overtime period - Deke by Ladislav Nagy.
5:00 of 1st overtime period - Shot Misses the Net.
5:00 of 1st overtime period - Penalty Shot by Erik Condra for Sewer Rats.
5:00 of 1st overtime period - Deke by Erik Condra.
5:00 of 1st overtime period - Stopped by Matt Hackett.
5:00 of 1st overtime period - Penalty Shot by Sergei Plotnikov for Blackdemons.
5:00 of 1st overtime period - Wrist shot by Sergei Plotnikov.
5:00 of 1st overtime period - Stopped by Marek Mazanek.
5:00 of 1st overtime period - Penalty Shot by Jonathan Huberdeau for Sewer Rats.
5:00 of 1st overtime period - Snap shot by Jonathan Huberdeau.
5:00 of 1st overtime period - Shot Misses the Net.
5:00 of 1st overtime period - Penalty Shot by Zachary Sanford for Blackdemons.
5:00 of 1st overtime period - Deke by Zachary Sanford.
5:00 of 1st overtime period - Goal by Zachary Sanford.
Back to the Top